3AAA
BLOOMINGTON LONGNECKS @ HIALEAH DODOS
08/28/2026
 
TOP OF THE 1ST
Bloomington Longnecks batting - Pitching for Hialeah Dodos : RHP Lucas Begay
Pitching: RHP Lucas Begay
Batting: LHB Gabriel Díaz 0-0: Foul Ball, location: 2F
0-1: Ball
1-1: Ball
2-1: Called Strike
2-2: Strikes out swinging
Batting: RHB Bubba Blevins 0-0: Bunt for hit - play at first, batter OUT! 5-3
Batting: LHB Adrián Gómez 0-0: Ground out 6-3 (Groundball, 6)
Top of the 1st over - 0 run(s), 0 hit(s), 0 error(s), 0 left on base; Bloomington 0 - Hialeah 0
BOTTOM OF THE 1ST
Hialeah Dodos batting - Pitching for Bloomington Longnecks : RHP Bob Weatherall
Pitching: RHP Bob Weatherall
Batting: RHB Jorge Salgado 0-0: Called Strike
0-1: Ball
1-1: Ball
2-1: Foul Ball, location: 2F
2-2: Fly out, F4 (Popup, 4MD)
Batting: RHB Armando García 0-0: Ground out 5-3 (Groundball, 56S)
Batting: LHB Álex Burgos 0-0: Fly out, F8 (Line Drive, 8RM)
Bottom of the 1st over - 0 run(s), 0 hit(s), 0 error(s), 0 left on base; Bloomington 0 - Hialeah 0
TOP OF THE 2ND
Bloomington Longnecks batting - Pitching for Hialeah Dodos : RHP Lucas Begay
Batting: LHB José Ruíz 0-0: Foul Ball, location: 2F
0-1: Ball
1-1: Swinging Strike
1-2: Ball
2-2: Strikes out swinging
Batting: RHB Ty Struck 0-0: Foul Ball, location: 2F
0-1: Called Strike
0-2: SINGLE (Flyball, 8LS)
Batting: SHB Eugene Bentley 0-0: Ball
Ty Struck steals 2nd base
1-0: Foul Ball, location: 2F
1-1: Called Strike
1-2: Ball
2-2: SINGLE (Groundball, 4D)
Ty Struck to third
Runner from 3rd tries for Home, SAFE, no throw
Batting: LHB Fernando González 0-0: Called Strike
0-1: Ball
1-1: Foul Ball, location: 2F
1-2: Strikes out swinging
Batting: SHB Adrián Pueblo 0-0: Foul Ball, location: 2F
0-1: Swinging Strike
0-2: Strikes out swinging
Top of the 2nd over - 1 run(s), 2 hit(s), 0 error(s), 1 left on base; Bloomington 1 - Hialeah 0
BOTTOM OF THE 2ND
Hialeah Dodos batting - Pitching for Bloomington Longnecks : RHP Bob Weatherall
Batting: LHB Errol Levick 0-0: Ball
1-0: Ball
2-0: Ball
3-0: Base on Balls
Batting: LHB Perry Bothof 0-0: Called Strike
0-1: Ball
1-1: Ball
2-1: Called Strike
2-2: Foul Ball, location: 2F
2-2: Strikes out swinging
Batting: RHB Wilson Pérez 0-0: Foul Ball, location: 2F
0-1: Called Strike
0-2: Fly out, F8 (Flyball, 8LM)
Pitching: RHP Henry Hart
Batting: LHB Jeff Conklin 0-0: Ball
1-0: Called Strike
1-1: Ball
2-1: SINGLE (Line Drive, 6D)
Errol Levick to second
Batting: RHB Daniel Ruíz 0-0: Called Strike
0-1: Ball
1-1: Swinging Strike
1-2: Ball
2-2: Strikes out swinging
Bottom of the 2nd over - 0 run(s), 1 hit(s), 0 error(s), 2 left on base; Bloomington 1 - Hialeah 0
TOP OF THE 3RD
Bloomington Longnecks batting - Pitching for Hialeah Dodos : RHP Lucas Begay
Batting: RHB Sergio Cortéz 0-0: Ball
1-0: Ball
2-0: Ball
3-0: Called Strike
3-1: Fly out, F3 (Line Drive, 34)
Batting: LHB Gabriel Díaz 0-0: Called Strike
0-1: Foul Ball, location: 2F
0-2: Foul Ball, location: 2F
0-2: Ground out 4-3 (Groundball, 4M)
Batting: RHB Bubba Blevins 0-0: Called Strike
0-1: Called Strike
0-2: Foul Ball, location: 2F
0-2: Foul Ball, location: 2F
0-2: Ball
1-2: Foul Ball, location: 2F
1-2: Fly out, F7 (Flyball, 78S)
Top of the 3rd over - 0 run(s), 0 hit(s), 0 error(s), 0 left on base; Bloomington 1 - Hialeah 0
BOTTOM OF THE 3RD
Hialeah Dodos batting - Pitching for Bloomington Longnecks : RHP Henry Hart
Batting: SHB Juan Ortega 0-0: Swinging Strike
0-1: Fly out, F8 (Flyball, 8LM)
Batting: RHB Jorge Salgado 0-0: Ball
1-0: Called Strike
1-1: Ball
2-1: Foul Ball, location: 2F
2-2: Ball
3-2: Foul Ball, location: 2F
3-2: Foul Ball, location: 2F
3-2: Ground out 4-3 (Groundball, 4S)
Batting: RHB Armando García 0-0: Ball
1-0: Foul Ball, location: 2F
1-1: Ball
2-1: Foul Ball, location: 2F
2-2: Foul Ball, location: 2F
2-2: SINGLE (Groundball, 6MD)
Batting: LHB Álex Burgos 0-0: Ball
1-0: Swinging Strike
1-1: Foul Ball, location: 2F
1-2: Fly out, F8 (Flyball, 78M)
Bottom of the 3rd over - 0 run(s), 1 hit(s), 0 error(s), 1 left on base; Bloomington 1 - Hialeah 0
TOP OF THE 4TH
Bloomington Longnecks batting - Pitching for Hialeah Dodos : RHP Lucas Begay
Batting: LHB Adrián Gómez 0-0: Foul Ball, location: 2F
0-1: Swinging Strike
0-2: Ball
1-2: Ball
2-2: Ball
3-2: SINGLE (Groundball, 34D)
Batting: LHB José Ruíz 0-0: Foul Ball, location: 2F
0-1: Ball
1-1: Foul Ball, location: 2F
1-2: SINGLE (Flyball, 8LS)
Adrián Gómez to second
Batting: RHB Ty Struck 0-0: Ball
1-0: Ball
2-0: Called Strike
2-1: Foul Ball, location: 2F
2-2: Foul Ball, location: 2F
2-2: Strikes out swinging
Batting: SHB Eugene Bentley 0-0: Swinging Strike
0-1: Ball
1-1: Ball
2-1: Called Strike
2-2: Ball
3-2: Foul Ball, location: 2F
3-2: TRIPLE (Line Drive, 78S)
Adrián Gómez scores
José Ruíz scores
Batting: LHB Fernando González 0-0: Swinging Strike
0-1: Foul Ball, location: 2F
0-2: Ground out 4-3 (Groundball, 4)
Eugene Bentley scores
Batting: SHB Adrián Pueblo 0-0: Called Strike
0-1: Swinging Strike
0-2: Foul Ball, location: 2F
0-2: SINGLE (Line Drive, 6M)
Batting: RHB Sergio Cortéz 0-0: Ball
1-0: Called Strike
1-1: DOUBLE (Line Drive, 89D)
Adrián Pueblo to third
Runner from 3rd tries for Home, SAFE, throw made home
Batting: LHB Gabriel Díaz 0-0: Ball
1-0: Foul Ball, location: 2F
1-1: Ball
2-1: SINGLE (Flyball, 9S)
Sergio Cortéz to third
Batting: RHB Bubba Blevins 0-0: SINGLE (Line Drive, 34D)
Sergio Cortéz scores
Gabriel Díaz to second
Batting: LHB Adrián Gómez 0-0: 3-RUN HOME RUN (Flyball, 78XD), Distance : 426 ft
Batting: LHB José Ruíz 0-0: Ball
1-0: Ball
2-0: Fly out, F8 (Flyball, 8RS)
Top of the 4th over - 8 run(s), 8 hit(s), 0 error(s), 0 left on base; Bloomington 9 - Hialeah 0
BOTTOM OF THE 4TH
Hialeah Dodos batting - Pitching for Bloomington Longnecks : RHP Henry Hart
Batting: LHB Errol Levick 0-0: Called Strike
0-1: Fly out, F9 (Flyball, 9S)
Batting: LHB Perry Bothof 0-0: Called Strike
0-1: Ball
1-1: Ball
2-1: Ground out 6-3 (Groundball, 6)
Batting: RHB Wilson Pérez 0-0: Called Strike
0-1: Ball
1-1: Called Strike
1-2: Ball
2-2: Hit by Pitch
Batting: LHB Jeff Conklin 0-0: Called Strike
0-1: Foul Ball, location: 2F
0-2: Ball
1-2: Fielders Choice at 2nd, 4-6 (Groundball, 4)
Bottom of the 4th over - 0 run(s), 0 hit(s), 0 error(s), 0 left on base; Bloomington 9 - Hialeah 0
TOP OF THE 5TH
Bloomington Longnecks batting - Pitching for Hialeah Dodos : RHP Lucas Begay
Pitching: RHP César Galló
Batting: RHB Ty Struck 0-0: Called Strike
0-1: Called Strike
0-2: Strikes out swinging
Batting: SHB Eugene Bentley 0-0: Called Strike
0-1: Ball
1-1: Foul Ball, location: 2F
1-2: Foul Ball, location: 2F
1-2: Ball
2-2: Foul Ball, location: 2F
2-2: Foul Ball, location: 2F
2-2: Ball
3-2: Base on Balls
Batting: LHB Fernando González 0-0: Ball
1-0: Ball
2-0: Swinging Strike
2-1: Swinging Strike
2-2: Ball
3-2: Strikes out swinging
Batting: SHB Adrián Pueblo 0-0: Swinging Strike
0-1: Foul Ball, location: 2F
0-2: Ball
1-2: Fly out, F7 (Flyball, 78S)
Top of the 5th over - 0 run(s), 0 hit(s), 0 error(s), 1 left on base; Bloomington 9 - Hialeah 0
BOTTOM OF THE 5TH
Hialeah Dodos batting - Pitching for Bloomington Longnecks : RHP Henry Hart
Batting: RHB Daniel Ruíz 0-0: Fly out, F6 (Line Drive, 6)
Batting: SHB Juan Ortega 0-0: SINGLE (Line Drive, 3L)
Batting: RHB Jorge Salgado 0-0: Called Strike
0-1: Grounds into double play, 4-6-3 (Groundball, 4)
Bottom of the 5th over - 0 run(s), 1 hit(s), 0 error(s), 0 left on base; Bloomington 9 - Hialeah 0
TOP OF THE 6TH
Bloomington Longnecks batting - Pitching for Hialeah Dodos : RHP César Galló
Batting: RHB Sergio Cortéz 0-0: Called Strike
0-1: Ball
1-1: Fly out, F8 (Flyball, 8LD)
Batting: LHB Gabriel Díaz 0-0: Ball
1-0: SINGLE (Line Drive, 7S)
Batting: RHB Bubba Blevins 0-0: Fly out, F9 (Flyball, 9LMF)
Batting: LHB Adrián Gómez 0-0: Ball
1-0: Foul Ball, location: 2F
1-1: Ball
2-1: Ground out 5-3 (Groundball, 56)
Top of the 6th over - 0 run(s), 1 hit(s), 0 error(s), 1 left on base; Bloomington 9 - Hialeah 0
BOTTOM OF THE 6TH
Hialeah Dodos batting - Pitching for Bloomington Longnecks : RHP Henry Hart
Batting: RHB Armando García 0-0: Called Strike
0-1: Ball
1-1: Swinging Strike
1-2: Fly out, F9 (Line Drive, 89M)
Pitching: LHP Dale Stevens
Batting: LHB Álex Burgos 0-0: Called Strike
0-1: Ball
1-1: Ball
2-1: Fly out, F9 (Flyball, 9LM)
Batting: LHB Errol Levick 0-0: Foul Ball, location: 2F
0-1: Ball
1-1: Fly out, F9 (Line Drive, 9LM)
Bottom of the 6th over - 0 run(s), 0 hit(s), 0 error(s), 0 left on base; Bloomington 9 - Hialeah 0
TOP OF THE 7TH
Bloomington Longnecks batting - Pitching for Hialeah Dodos : RHP César Galló
Batting: LHB José Ruíz 0-0: Ball
1-0: Ground out 1-3 (Groundball, 15S)
Batting: RHB Ty Struck 0-0: Foul Ball, location: 2F
0-1: Ball
1-1: Ball
2-1: Ball
3-1: Base on Balls
Batting: SHB Eugene Bentley 0-0: Ball
1-0: Foul Ball, location: 2F
1-1: SINGLE (Groundball, 56D)
Ty Struck to second
Batting: LHB Fernando González 0-0: SINGLE (Groundball, 34D)
Ty Struck to third
Eugene Bentley to second
Runner from 3rd tries for Home, SAFE, throw made home
Batting: SHB Adrián Pueblo 0-0: Swinging Strike
0-1: Foul Ball, location: 2F
0-2: Foul Ball, location: 2F
0-2: Ball
1-2: Strikes out swinging
Batting: RHB Sergio Cortéz 0-0: SINGLE (Line Drive, 6MD)
Eugene Bentley to third
Fernando González to second
Batting: LHB Gabriel Díaz 0-0: Ball
1-0: Called Strike
1-1: Called Strike
1-2: Ball
2-2: Ball
3-2: Foul Ball, location: 2F
3-2: Fly out, F9 (Flyball, 9LM)
Top of the 7th over - 1 run(s), 3 hit(s), 0 error(s), 3 left on base; Bloomington 10 - Hialeah 0
BOTTOM OF THE 7TH
Hialeah Dodos batting - Pitching for Bloomington Longnecks : LHP Dale Stevens
Batting: LHB Perry Bothof 0-0: Ball
1-0: Fly out, F7 (Flyball, 7)
Batting: RHB Wilson Pérez 0-0: Ball
1-0: Ball
2-0: Ground out 3-1 (Groundball, 34)
Batting: LHB Jeff Conklin 0-0: Called Strike
0-1: Ball
1-1: Called Strike
1-2: Ball
2-2: Ball
3-2: Foul Ball, location: 2F
3-2: Fly out, F4 (Popup, 3D)
Bottom of the 7th over - 0 run(s), 0 hit(s), 0 error(s), 0 left on base; Bloomington 10 - Hialeah 0
TOP OF THE 8TH
Bloomington Longnecks batting - Pitching for Hialeah Dodos : RHP César Galló
Batting: RHB Bubba Blevins 0-0: Ball
1-0: Ground out 6-3 (Groundball, 6)
Batting: LHB Adrián Gómez 0-0: Fly out, F3 (Line Drive, 3)
Batting: LHB José Ruíz 0-0: Swinging Strike
0-1: Called Strike
0-2: Strikes out swinging
Top of the 8th over - 0 run(s), 0 hit(s), 0 error(s), 0 left on base; Bloomington 10 - Hialeah 0
BOTTOM OF THE 8TH
Hialeah Dodos batting - Pitching for Bloomington Longnecks : LHP Dale Stevens
Batting: RHB Daniel Ruíz 0-0: Called Strike
0-1: Ball
1-1: Ball
2-1: SINGLE (Line Drive, 7S)
Batting: SHB Juan Ortega 0-0: Ball
1-0: Fly out, F7 (Flyball, 7S)
Batting: RHB Jorge Salgado 0-0: Ball
1-0: Called Strike
1-1: Fly out, F8 (Line Drive, 78M)
Batting: RHB Armando García 0-0: Called Strike
0-1: Swinging Strike
0-2: Ball
1-2: Ball
2-2: Ball
3-2: Base on Balls
Daniel Ruíz to second
Batting: LHB Álex Burgos 0-0: Foul Ball, location: 2F
0-1: Ball
1-1: Swinging Strike
1-2: Strikes out swinging
Bottom of the 8th over - 0 run(s), 1 hit(s), 0 error(s), 2 left on base; Bloomington 10 - Hialeah 0
TOP OF THE 9TH
Bloomington Longnecks batting - Pitching for Hialeah Dodos : RHP César Galló
Pitching: RHP Earnest Casey
Batting: RHB Ty Struck 0-0: Called Strike
0-1: Ball
1-1: Swinging Strike
1-2: Ball
2-2: Fly out, F8 (Flyball, 8LS)
Batting: SHB Eugene Bentley 0-0: Foul Ball, location: 2F
0-1: Called Strike
0-2: Strikes out looking
Batting: LHB Fernando González 0-0: Swinging Strike
0-1: Foul Ball, location: 2F
0-2: Ball
1-2: Ball
2-2: Ball
3-2: Fly out, F7 (Flyball, 7S)
Top of the 9th over - 0 run(s), 0 hit(s), 0 error(s), 0 left on base; Bloomington 10 - Hialeah 0
BOTTOM OF THE 9TH
Hialeah Dodos batting - Pitching for Bloomington Longnecks : LHP Dale Stevens
Now in RF: Juan Hernández
Batting: LHB Errol Levick 0-0: Called Strike
0-1: Called Strike
0-2: Ball
1-2: Foul Ball, location: 2F
1-2: Strikes out swinging
Batting: LHB Perry Bothof 0-0: Ball
1-0: Swinging Strike
1-1: Ball
2-1: Foul Ball, location: 2F
2-2: Ball
3-2: Strikes out looking
Pinch Hitting: RHB Lorenzo Ramírez 0-0: Called Strike
0-1: SINGLE (Line Drive, 9LS)
Batting: LHB Jeff Conklin 0-0: Fly out, F4 (Popup, 4MS)
Bottom of the 9th over - 0 run(s), 1 hit(s), 0 error(s), 1 left on base; Bloomington 10 - Hialeah 0
Monday, March 20th, 2017 - OOTP Baseball 17.12 Build 75